 Dungeon Crawl Stone Soup version 0.30-a0-4-ga7cffc901d (webtiles) character file.

Game seed: 227951709375861640

558594 kthxbai the Slayer (level 26, -13/744 HPs)
             Began as an Ogre Transmuter on Aug 19, 2022.
             Was an Initiate of Gozag.
             Mangled by a draconian monk simulacrum (19 damage)
             ... on level 1 of the Realm of Zot on Aug 21, 2022.
             The game lasted 05:16:00 (106291 turns).

kthxbai the Slayer (Ogre Transmuter)              Turns: 106291, Time: 05:16:00

Health: -13/744    AC: 16    Str: 35    XL:     26   Next: 56%
Magic:  36/47      EV: 10    Int: 35    God:    Gozag
Gold:   9962       SH:  0    Dex:  8    Spells: 15/65 levels left

rFire   + + +      SeeInvis .      - Unarmed
rCold   + . .      Faith    .    (shield currently unavailable)
rNeg    + . .      Spirit   .    (body armour currently unavailable)
rPois   +          Reflect  .    (helmet currently unavailable)
rElec   +          Harm     .    (cloak currently unavailable)
rCorr   +          Rampage  .    (gloves unavailable)
Will    +++..                    (boots unavailable)
Stlth   ..........               C - amulet of Peboco {rC+ Regen+ Stlth+}
HPRegen 2.14/turn                B - ring "Mapes" {Contam rF+ Str+5 Int+4 Slay+4}
MPRegen 0.30/turn                I - ring "Ateocah" {rElec rN+ rCorr Int+5 Stlth-}

@: berserking (expiring), dragon-form, death channelling, resistant,
wereblooded, gold aura, flying, hasted, studying Ranged Weapons, very quick
A: dragon claw, dragon scales, breathe fire, flying, boosted hp, giant,
unfitting armour, (tough skin 1), (hooves 1), clever 1, strong-willed 1, robust
1
}: 3/15 runes: serpentine, barnacled, silver
a: Breathe Fire, End Transformation, Renounce Religion, Potion Petition, Call
Merchant, Bribe Branch


You were on level 1 of the Realm of Zot.
You worshipped Gozag.
Gozag was greatly pleased with you.
You were a fearsome dragon!
You visited 10 branches of the dungeon, and saw 46 of its levels.
You also visited: Trove and Wizlab.

You collected 28966 gold pieces.
You spent 9159 gold pieces at shops.
You paid 9845 gold pieces to Gozag.

Inventory:

Armour
 a - a scarf of shadows (melded)
 c - the +10 tower shield of Ignorance {rN+ Int-4}
   (You found it on level 12 of the Dungeon)

   Int:       It affects your intelligence (-4).
   rN:        It protects you from negative energy.
 e - the +1 hat of Egalitarianism (melded) {Stlth+}
   (You found it on level 1 of the Orcish Mines)

   Stlth:     It makes you more stealthy.
 y - a +2 robe of the Archmagi (melded)
Magical Staves
 w - a staff of death (melded)
Jewellery
 s - the ring "Toudic" {+Blink Will+ rCorr SInv}
   (You found it on level 5 of the Vaults)

   [ring of resist corrosion]

   SInv:      It lets you see invisible.
   +Blink:    It lets you blink.
   rCorr:     It protects you from acid and corrosion.
   Will:      It increases your willpower.
 B - the ring "Mapes" (left foreclaw) {Contam rF+ Str+5 Int+4 Slay+4}
   (You bought it in a shop on level 3 of the Elven Halls)

   [ring of slaying]

   Str:       It affects your strength (+5).
   Int:       It affects your intelligence (+4).
   Slay:      It affects your accuracy & damage with ranged weapons and melee
   (+4).
   rF:        It protects you from fire.
   Contam:    It causes magical contamination when unequipped.
 C - the amulet of Peboco (around neck) {rC+ Regen+ Stlth+}
   (You found it on level 3 of the Crypt)

   [amulet of regeneration]

   rC:        It protects you from cold.
   Regen:     It increases your rate of health regeneration.
   Stlth:     It makes you more stealthy.
 I - the ring "Ateocah" (right foreclaw) {rElec rN+ rCorr Int+5 Stlth-}
   (You found it on level 3 of the Crypt)

   [ring of positive energy]

   Int:       It affects your intelligence (+5).
   rElec:     It insulates you from electricity.
   rN:        It protects you from negative energy.
   rCorr:     It protects you from acid and corrosion.
   Stlth:     It makes you less stealthy.
Wands
 m - a wand of digging (4)
Scrolls
 b - a scroll of summoning
 g - 3 scrolls of silence
 k - 11 scrolls of fog
 n - 15 scrolls of blinking
 o - 19 scrolls of fear
 r - a scroll of acquirement
 t - a scroll of vulnerability
 x - 26 scrolls of teleportation
 F - 18 scrolls of poison
 J - 3 scrolls of magic mapping
Potions
 d - 13 potions of resistance
 i - 31 potions of curing
 l - 3 potions of cancellation
 p - 25 potions of heal wounds
 q - 12 potions of might
 z - 5 potions of brilliance
 A - a potion of invisibility
 E - 10 potions of haste
 L - 8 potions of magic
 M - 8 potions of ambrosia


   Skills:
 + Level 24.3 Fighting
 - Level 12.0 Dodging
 + Level 19.0 Unarmed Combat
 + Level 20.4 Spellcasting
 * Level 16.9 Summonings
 * Level 9.7 Necromancy
 - Level 16.0 Translocations
 - Level 15.0 Transmutations
 - Level 6.0 Ice Magic
 - Level 2.2 Poison Magic


You had 15 spell levels left.
You knew the following spells:

 Your Spells              Type           Power      Damage    Failure   Level
a - Dragon Form           Tmut           48%        N/A       1%          7
b - Wereblood             Tmut           96%        N/A       0%          2
c - Borgnjor's Vile Clut  Necr/Erth      31%        N/A       3%          5
d - Ice Form              Ice/Tmut       83%        N/A       1%          4
e - Frozen Ramparts       Ice            100%       1d16      1%          3
f - Death Channel         Necr           40%        N/A       2%          6
g - Manifold Assault      Tloc           99%        N/A       1%          5
h - Summon Hydra          Summ           50%        N/A       1%          7
i - Ozocubu's Armour      Ice            67%        N/A       1%          3
j - Summon Horrible Thin  Summ           50%        N/A       5%          8

Your spell library contained the following spells:

 Spells                   Type           Power      Damage    Failure   Level
 Beastly Appendage        Tmut           100%       N/A       0%          1
 Necrotise                Necr           100%       1d9       0%          1
 Summon Small Mammal      Summ           100%       N/A       0%          1
 Blink                    Tloc           100%       N/A       0%          2
 Call Imp                 Summ           100%       N/A       0%          2
 Call Canine Familiar     Summ           100%       N/A       0%          3
 Lesser Beckoning         Tloc           99%        N/A       0%          3
 Teleport Other           Tloc           99%        N/A       0%          3
 Passage of Golubria      Tloc           99%        N/A       0%          4
 Foxfire                  Conj/Fire      100%       2x1d9     1%          1
 Freeze                   Ice            100%       1d11      1%          1
 Magic Dart               Conj           100%       1d8       1%          1
 Sandblast                Erth           70%        2d15      1%          1
 Ensorcelled Hibernation  Hex/Ice        100%       N/A       1%          2
 Passwall                 Tmut/Erth      60%        N/A       1%          2
 Poisonous Vapours        Pois/Air       86%        N/A       1%          2
 Scorch                   Fire           70%        2d9       1%          2
 Searing Ray              Conj           70%        2d7       1%          2
 Static Discharge         Conj/Air       35%        3-8/arc   1%          2
 Ignite Poison            Fire/Tmut/Pois 66%        N/A       1%          3
 Mephitic Cloud           Conj/Pois/Air  40%        N/A       1%          3
 Portal Projectile        Hex/Tloc       100%       N/A       1%          3
 Spider Form              Tmut/Pois      77%        N/A       1%          3
 Summon Guardian Golem    Hex/Summ       76%        N/A       1%          3
 Vampiric Draining        Necr           81%        2d11      1%          3
 Animate Armour           Summ/Erth      100%       N/A       1%          4
 Dispel Undead            Necr           81%        3d26      1%          4
 Iskenderun's Mystic Bla  Conj/Tloc      75%        2d15      1%          4
 Petrify                  Tmut/Erth      73%        N/A       1%          4
 Summon Ice Beast         Ice/Summ       86%        N/A       1%          4
 Summon Lightning Spire   Summ/Air       76%        N/A       1%          4
 Agony                    Necr           81%        N/A       1%          5
 Alistair's Intoxication  Tmut/Pois      51%        N/A       1%          5
 Blade Hands              Tmut           48%        N/A       1%          5
 Summon Forest            Summ/Tloc      50%        N/A       1%          5
 Summon Mana Viper        Hex/Summ       76%        N/A       1%          5
 Yara's Violent Unravell  Hex/Tmut       36%        3d15      1%          5
 Monstrous Menagerie      Summ           50%        N/A       1%          7
 Dazzling Flash           Conj/Hex       70%        N/A       2%          3
 Stone Arrow              Conj/Erth      70%        3d11      2%          3
 Swiftness                Air            35%        N/A       2%          3
 Tukima's Dance           Hex            35%        N/A       2%          3
 Hailstorm                Conj/Ice       54%        3d12      2%          4
 Eringya's Noxious Bog    Tmut/Pois      38%        N/A       3%          6
 Haunt                    Necr/Summ      46%        N/A       3%          7
 Statue Form              Tmut/Erth      48%        N/A       6%          6
 Metabolic Englaciation   Hex/Ice        27%        N/A       7%          5
 Cause Fear               Hex            17%        N/A       9%          4
 Fulminant Prism          Conj/Hex       17%        3d11      9%          4
 Leda's Liquefaction      Hex/Erth       17%        N/A       9%          4
 Sticky Flame             Conj/Fire      35%        2d5       9%          4
 Freezing Cloud           Conj/Ice/Air   24%        6-21      11%         5
 Fireball                 Conj/Fire      17%        3d9       24%         5
 Lee's Rapid Deconstruct  Erth           17%        3d12*     24%         5
 Storm Form               Tmut/Air       36%        N/A       32%         7
 Ozocubu's Refrigeration  Ice            33%        4d14      52%         7
 Dragon's Call            Summ           50%        N/A       63%         9
 Infestation              Necr           40%        N/A       71%         8
 Conjure Ball Lightning   Conj/Air       17%        3x3d6     78%         6
 Iron Shot                Conj/Erth      17%        9d4       78%         6
 Starburst                Conj/Fire      17%        6d6       78%         6
 Ignition                 Fire           17%        3d7       100%        8
 Lehudib's Crystal Spear  Conj/Erth      17%        10d5      100%        8
 Chain Lightning          Conj/Air       17%        3d23      100%        9
 Animate Dead             Necr           Unusable   N/A       N/A         4
 Corpse Rot               Necr/Pois/Air  Unusable   N/A       N/A         4
 Simulacrum               Ice/Necr       Unusable   N/A       N/A         6

Dungeon Overview and Level Annotations

Branches:
Dungeon (15/15)            Temple (0/1) D:7            Lair (5/5) D:11
 Shoals (4/4) Lair:2        Snake (4/4) Lair:3        Slime (0/5) Lair:4
    Orc (2/2) D:10            Elf (3/3) Orc:2        Vaults (5/5) D:13
  Crypt (3/3) Vaults:2       Tomb (0/3) Crypt:3      Depths (4/4) D:15
    Zot (1/5) Depths:4     WizLab (visited)

Altars:
Cheibriados
Elyvilon
Fedhas
Gozag
Hepliaklqana
Kikubaaqudgha
Makhleb
Uskayaw
Vehumet
Wu Jian
Yredelemnul
Jiyva

Shops:
D:1 *   D:6 =   D:7 :   D:8 *   D:11 :=?:?   Orc:2 :[?!   Elf:3 !(==
Shoals:1 *   Snake:4 [   Vaults:2 ![   Vaults:4 ?   Depths:2 (   Depths:3 =:=

Portals:
Hell: Lair:5 Depths:1 Depths:2 Depths:3 Depths:4
Abyss: Depths:3
Pandemonium: Orc:2 Depths:2
Ziggurat: Depths:3


Innate Abilities, Weirdness & Mutations

You are a fearsome dragon!
You have a powerful clawing attack.
Your giant scaled body is strong and resiliant, but less evasive.
You can breathe fire.
You are flying.
Your maximum health is greatly increased.
Your armour is entirely melded.
You are incapable of wielding weapons or throwing items.
You are too large for most types of armour.
((You have tough skin. (AC +1)))
((You have large cloven feet.))
Your mind is acute. (Int +4, Str/Dex -1)
You are strong-willed. (Will+)
You are robust. (+10% HP)


Message History

* * * LOW HITPOINT WARNING * * *
The black draconian hits you but does no damage.
Your spectral black draconian hits the draconian monk simulacrum!
You are too berserk!
You are too berserk!
You maul the red draconian scorcher!!!
You claw the red draconian scorcher.
You feel a bit better.
You kill the red draconian scorcher!
A freezing mist starts to gather...
A glowing mist starts to gather...
A draconian scorcher simulacrum comes into view.
Your spectral draconian monk hits the storm dragon simulacrum!
Your spectral draconian monk kicks the storm dragon simulacrum.
Your spectral draconian monk closely misses the storm dragon simulacrum.
Something hits you.
* * * LOW HITPOINT WARNING * * *
The yellow draconian simulacrum hits you.
* * * LOW HITPOINT WARNING * * *
The yellow draconian simulacrum freezes you!
You resist.
* * * LOW HITPOINT WARNING * * *
The storm dragon simulacrum bites your spectral draconian monk!
The storm dragon simulacrum freezes your spectral draconian monk!!
Your spectral draconian monk resists.
The storm dragon simulacrum claws your spectral draconian monk.
The storm dragon simulacrum freezes your spectral draconian monk!
Your spectral draconian monk resists.
The storm dragon simulacrum tramples your spectral draconian monk.
Your spectral draconian monk is shoved backwards!
You are too berserk!
You are too berserk!
You are too berserk!
You maul the draconian monk simulacrum!!!
The draconian monk simulacrum vaporises!
You feel a bit better.
The white draconian simulacrum is distracted by your dazzling golden aura.
The black draconian hits you from afar with a +0 halberd.
* * * LOW HITPOINT WARNING * * *
The draconian monk simulacrum hits you!!
You die...
Your body crumbles into a pile of gold.

## ###.#
#.#.# ##.#.#
##Z..###..
##○Z.....[.
#{D§Z.....#
#.ZZZ.....##
#.ZZZdZ...##
#........##
#........##
#.......##
#........#
#.....[...


You could see a black draconian (soul bound), a storm dragon simulacrum
(distracted, ally target), a black draconian simulacrum, a yellow draconian
simulacrum, a white draconian simulacrum (unaware, ally target), a draconian
monk simulacrum (ally target), a draconian scorcher simulacrum, a friendly
spectral storm dragon, a friendly spectral black draconian, a friendly spectral
draconian monk and a friendly spectral draconian scorcher.

Vanquished Creatures
  A dread lich (Vaults:5)
  2 ancient liches
  3 juggernauts (Depths:3)
  Sojobo (Vaults:3)
  Josephina (Zot:1)
  Saint Roka (Crypt:1)
  Bai Suzhen (Crypt:1)
  3 golden dragons
  3 caustic shrikes (Depths:4)
  Jory (Depths:3)
  A bone dragon (Crypt:3)
  The ghost of Ymilidghe the Brawler, an adept TrGl of Elyvilon (Vaults:2)
  2 profane servitors (Crypt:3)
  3 liches
  A tentacled monstrosity (Vaults:5)
  2 deep elf blademasters
  6 titans
  2 deep elf master archers (Elf:3)
  2 ancient champions (WizLab)
  6 sphinxes
  6 storm dragons
  13 tengu reavers
  8 shadow dragons
  Roxanne (Elf:3)
  Ilsuiw (Shoals:3)
  13 nagarajas
  A draconian monk (Zot:1)
  A fenstrider witch (Shoals:1)
  9 fire giants
  8 frost giants
  A draconian knight (Depths:4)
  A caustic shrike zombie (Crypt:3)
  6 deep elf sorcerers
  Louise (D:15)
  An iron dragon (Vaults:5)
  An orc warlord (Orc:1)
  22 vault wardens
  A cacodemon (Depths:2)
  A draconian scorcher (Zot:1)
  2 curse skulls (Crypt:2)
  A draconian shifter (Depths:4)
  A spriggan defender (Depths:2)
  19 ghouls
  14 ironbound preservers
  2 war gargoyles
  4 deep elf elementalists
  3 black draconians
  12 stone giants
  7 deep elf demonologists (Elf:3)
  27 very ugly things
  9 vampire knights
  3 ironbound thunderhulks
  An entropy weaver (Vaults:3)
  5 spark wasps
  8 deep elf annihilators
  3 minotaurs (Shoals:4)
  7 dire elephants
  2 red draconians (Depths:4)
  2 white draconians (Depths:4)
  7 deep elf death magi
  13 eidola
  3 merfolk javelineers
  2 crystal guardians (Vaults:2)
  11 ettins
  3 great orbs of eyes
  An iron golem (Depths:3)
  6 merfolk impalers
  5 fire dragons
  8 yaktaur captains
  3 jiangshi (Crypt:2)
  8 ice dragons
  A spriggan zombie (Crypt:3)
  4 deep elf high priests (Vaults:5)
  A mummy priest (Crypt:3)
  5 rakshasas
  3 hydras (Lair:5)
  33 vault guards
  Erolcha (D:13)
  The ghost of Wukaii the Alchemist, a journeyman SpEn of Jiyva (Lair:5)
  A caustic shrike simulacrum (Crypt:1)
  2 demonspawn (Orc:2)
  7 boulder beetles
  9 anacondas
  2 peacekeepers (Vaults:2)
  7 ogre magi
  3 spriggan air magi (Depths:2)
  23 naga warriors
  17 centaur warriors
  A spriggan skeleton (Crypt:1)
  3 merfolk aquamancers
  11 two-headed ogres
  A two-headed ogre (shapeshifter) (D:15)
  12 ironbound frosthearts
  An alligator snapping turtle (Shoals:4)
  11 death yaks
  3 merfolk avatars
  2 catoblepae
  20 dancing weapons
  7 death knights
  8 deep troll shamans
  3 deep troll earth magi
  8 satyrs
  4 vampire magi
  A titan zombie (Crypt:1)
  9 orc high priests
  2 tengu warriors
  5 spriggan berserkers
  7 naga sharpshooters
  A sun demon (Lair:5)
  2 spriggans
  6 shock serpents
  8 hell knights
  A storm dragon zombie (Crypt:3)
  23 deep elf knights
  11 soul eaters
  4 iron trolls
  25 skeletal warriors
  A shadow wraith (Vaults:5)
  A sixfirhy (Orc:2)
  2 anaconda zombies (Crypt:3)
  A death drake (shapeshifter) (Vaults:5)
  8 salamander mystics
  A bunyip zombie (Crypt:3)
  14 sea snakes
  5 flayed ghosts
  4 glowing orange brains
  5 wizards
  33 deep trolls
  A sea snake (shapeshifter) (Vaults:5)
  7 naga ritualists
  6 necromancers
  Pikel (D:4)
  14 harpies
  8 lindwurms
  15 deep elf archers
  A shadow dragon zombie (Crypt:2)
  5 bog bodies
  4 orange crystal statues (D:12)
  17 ironbound convokers
  6 orc knights
  A stone giant zombie (Crypt:3)
  A wolf spider (D:15)
  6 orc sorcerers
  33 deep elf zephyrmancers
  32 phantasmal warriors
  31 ugly things
  8 cyclopes
  14 mana vipers
  2 oklob plants
  30 deep elf pyromancers
  An iron dragon zombie (D:15)
  A frost giant zombie (D:15)
  7 elephants (Lair:5)
  17 manticores
  36 salamanders
  A salamander (shapeshifter) (D:15)
  8 merfolk sirens
  4 nameless horrors
  18 fauns
  A dire elephant zombie (Crypt:3)
  31 vault sentinels
  43 black mambas
  8 guardian serpents
  22 naga magi
  A fire giant skeleton (D:15)
  A frost giant skeleton (Crypt:1)
  3 water nymphs
  A rust devil (Depths:2)
  A torpor snail (Lair:5)
  Joseph (D:8)
  10 cane toads
  A swamp worm zombie (Crypt:1)
  11 freezing wraiths
  An alligator snapping turtle zombie (Crypt:1)
  A dire elephant skeleton (Crypt:2)
  10 komodo dragons
  Psyche (D:8)
  2 hellwings
  3 gargoyles
  2 kobold demonologists (D:12)
  A spectral ogre (Vaults:2)
  A guardian mummy (Crypt:3)
  5 rime drakes
  3 tengu conjurers
  33 yaktaurs
  A golden dragon simulacrum (Zot:1)
  2 elf skeletons
  4 ice devils
  3 polar bears
  2 red devils
  A queen bee (shapeshifter) (Elf:3)
  7 trolls
  23 merfolk
  3 hornets
  7 wind drakes
  5 harpy zombies
  Grinder (D:3)
  28 slime creatures
  9 dream sheep
  12 blink frogs
  A draconian simulacrum (Zot:1)
  An ice dragon zombie (Crypt:1)
  A merfolk zombie (Crypt:1)
  8 snapping turtles
  24 water elementals
  A centaur simulacrum (D:15)
  2 air elementals
  8 flying skulls (Crypt:2)
  36 yaks
  Sigmund (D:4)
  18 shadows
  An ushabti (Crypt:3)
  3 wyverns
  A chaos spawn (Depths:2)
  5 vampires
  5 basilisks
  5 fire elementals
  12 wraiths
  A neqoxec (Orc:2)
  8 vampire mosquitoes
  11 redbacks
  3 two-headed ogre zombies (WizLab)
  An elf simulacrum (Vaults:1)
  3 swamp worms (Lair:1)
  39 nagas
  3 steam dragons
  3 wargs
  12 water moccasins
  A swamp worm (shapeshifter) (Vaults:5)
  2 acid dragons
  3 hell hounds (Lair:5)
  A black bear (shapeshifter) (D:14)
  An ice beast (D:8)
  6 sky beasts
  A black bear (D:4)
  39 orc warriors
  18 wolves
  11 ogres
  A swamp dragon skeleton (Crypt:1)
  17 centaurs
  2 elephant skeletons (Crypt:2)
  4 lemures
  2 kobold brigands
  8 bullfrogs
  21 necrophages
  7 earth elementals
  A gnoll sergeant (D:7)
  5 scorpions
  A komodo dragon skeleton (Crypt:1)
  14 wights
  6 wyvern skeletons (Crypt:3)
  8 troll zombies (WizLab)
  6 killer bees (D:7)
  A raiju skeleton (Crypt:2)
  11 howler monkeys
  A polar bear skeleton (Crypt:2)
  7 electric eels
  7 lava snakes
  2 centaur zombies
  A bullfrog zombie (D:5)
  A human zombie (D:5)
  3 hounds
  2 jellies
  A gnoll bouda (D:7)
  25 orc priests
  2 centaur skeletons (Crypt:2)
  2 scorpion zombies (D:5)
  5 iguanas
  23 orc wizards
  A killer bee zombie (Crypt:1)
  5 ogre zombies (WizLab)
  2 tengu skeletons (Crypt:2)
  A mummy (Crypt:3)
  9 gnolls
  4 adders
  A shadow imp (D:6)
  A steam dragon skeleton (Crypt:1)
  15 white imps
  An adder zombie (D:5)
  5 worms
  2 dart slugs
  77 orcs
  6 ball pythons
  4 bats
  8 endoplasms
  A giant cockroach (D:2)
  4 hobgoblins
  3 quokkas
  A butterfly zombie (Crypt:2)
  5 frilled lizards
  3 goblins
  16 kobolds
  10 rats
  2 plants (D:11)
2062 creatures vanquished.

Vanquished Creatures (collateral kills)
  Nikola (Elf:3)
  Mlioglotl (Shoals:1)
  Rupert (D:15)
  Agnes (D:15)
  3 tengu reavers
  A storm dragon (Vaults:5)
  Donald (Vaults:3)
  The ghost of Peppero the Warrior, a journeyman DjCj of Ashenzari (Lair:5)
  A deep elf elementalist (Elf:3)
  A frost giant (D:14)
  2 stone giants (Vaults:5)
  2 ironbound preservers (Vaults:5)
  The ghost of kthxbai the Nimble, a journeyman DgSu (Lair:5)
  3 deep elf annihilators
  An ettin (Depths:3)
  A yaktaur captain (Vaults:3)
  A great orb of eyes (D:14)
  A merfolk javelineer (Shoals:4)
  A peacekeeper (Vaults:3)
  A hydra (Lair:5)
  2 two-headed ogres
  4 dancing weapons (Elf:2)
  A deep troll earth mage (Depths:4)
  4 satyrs
  A naga sharpshooter (Snake:1)
  Sonja (D:10)
  2 deep elf knights (Elf:2)
  A deep troll (Depths:4)
  A sea snake (Snake:1)
  A flayed ghost (Depths:4)
  A deep elf archer (Elf:2)
  4 wizards
  2 ironbound convokers
  3 nameless horrors
  3 deep elf pyromancers (Elf:2)
  2 necromancers
  2 deep elf zephyrmancers
  An oklob plant (Lair:3)
  An orc knight (Vaults:5)
  2 manticores
  An orc sorcerer (Orc:1)
  2 ugly things (Vaults:4)
  7 fauns
  3 merfolk sirens
  2 black mambas
  A vault sentinel (Vaults:2)
  A naga mage (Snake:4)
  A human skeleton (Vaults:1)
  An orange demon (Lair:5)
  A yaktaur (Vaults:2)
  6 merfolk
  A red devil (Lair:5)
  A hornet (D:14)
  A wind drake (Shoals:4)
  A snapping turtle (Shoals:4)
  An ettin zombie (D:15)
  A human simulacrum (Vaults:1)
  2 dream sheep
  A water elemental (Shoals:2)
  2 yaks
  A yaktaur simulacrum (Vaults:1)
  A naga (Snake:1)
  A water moccasin (Lair:5)
  A hell hound (Lair:5)
  4 orc warriors
  A black bear (Lair:3)
  A kobold brigand (D:9)
  4 electric eels
  7 orc priests
  5 orc wizards
  13 orcs
  A plant (Shoals:2)
142 creatures vanquished.

Vanquished Creatures (others)
  A deep elf knight (Elf:2)
  A wizard (Vaults:2)
  2 deep elf zephyrmancers
  A faun (Shoals:3)
  A purple draconian simulacrum (Zot:1)
  An orc (D:4)
  2 kobolds (D:9)
  16 fungi
  184 plants
  9 withered plants
218 creatures vanquished.

Grand Total: 2422 creatures vanquished

Notes
Turn   | Place    | Note
-------+----------+-------------------------------------------
     0 | D:1      | kthxbai the Ogre Transmuter began the quest for the Orb.
     0 | D:1      | Reached XP level 1. HP: 19/19 MP: 3/3
   297 | D:1      | Reached XP level 2. HP: 27/27 MP: 3/5
   300 | D:1      | Learned a level 2 spell: Wereblood
   500 | D:1      | Found a faded altar of an unknown god.
   576 | D:1      | Found Funore's Assorted Antiques.
  1177 | D:2      | Reached XP level 3. HP: 30/33 MP: 4/7
  1181 | D:2      | Learned a level 3 spell: Spider Form
  2402 | D:3      | Reached XP level 4. HP: 8/41 MP: 5/8
  3017 | D:3      | Reached skill level 1 in Poison Magic
  3235 | D:3      | Noticed Grinder
  3259 | D:3      | Killed Grinder
  3260 | D:3      | Reached XP level 5. HP: 17/48 MP: 4/10
  3260 | D:3      | Reached XP level 6. HP: 19/55 MP: 4/11
  3487 | D:3      | Learned a level 4 spell: Ice Form
  4010 | D:4      | Noticed Sigmund
  4364 | D:4      | Reached skill level 1 in Ice Magic
  4364 | D:4      | Reached XP level 7. HP: 26/62 MP: 5/12
  5521 | D:4      | Noticed Pikel
  5525 | D:5      | Entered Level 5 of the Dungeon
  6197 | D:5      | Identified the +6 hand axe of the Blind Eye {speed, rElec
                  | rPois Will+}
  6626 | D:5      | Reached XP level 8. HP: 56/68 MP: 9/14
  6681 | D:5      | Reached skill level 5 in Transmutations
  7802 | D:5      | Found an ancient bone altar of Kikubaaqudgha.
  8101 | D:6      | Reached skill level 5 in Spellcasting
  8650 | D:6      | Reached XP level 9. HP: 69/76 MP: 9/16
  8804 | D:6      | Found Dicola's Jewellery Emporium.
  8843 | D:6      | Found an opulent altar of Gozag.
  9186 | D:6      | Became a worshipper of Gozag Ym Sagoz the Greedy
  9354 | D:7      | Found a staircase to the Ecumenical Temple.
  9472 | D:7      | Reached skill level 2 in Fighting
  9472 | D:7      | Reached skill level 5 in Unarmed Combat
  9482 | D:7      | Identified 3 scrolls of acquirement
  9487 | D:7      | Acquired a staff of cold
  9934 | D:7      | Reached skill level 3 in Fighting
 10480 | D:6      | Learned a level 3 spell: Frozen Ramparts
 10605 | D:7      | Gained mutation: You occasionally lose the ability to drink
                  | potions when taking damage. [mutagenic glow]
 11662 | D:7      | Reached skill level 4 in Fighting
 11662 | D:7      | Reached skill level 5 in Dodging
 11662 | D:7      | Reached XP level 10. HP: 38/92 MP: 14/19
 11971 | D:7      | Learned a level 4 spell: Summon Ice Beast
 12372 | D:7      | Found Mewined's Tremendous Tomes.
 12866 | D:4      | Killed Pikel
 12867 | D:4      | Reached skill level 1 in Summonings
 13638 | D:6      | Bought a ring of ice for 300 gold pieces
 13901 | D:4      | Killed Sigmund
 14051 | D:8      | Reached skill level 5 in Ice Magic
 14053 | D:8      | Noticed Joseph
 15275 | D:8      | Noticed Psyche
 15295 | D:8      | Killed Psyche
 15296 | D:8      | Reached skill level 5 in Fighting
 15377 | D:8      | Killed Joseph
 15483 | D:8      | Found Mots's Assorted Antiques.
 15733 | D:8      | Found a radiant altar of Vehumet.
 16011 | D:8      | Found the +4 dagger "Morg" {pain, Will+ Int+5}
 16061 | D:8      | Paralysed by a hornet for 1 turns
 16234 | D:8      | Acquired 1109 gold pieces
 16813 | D:9      | Noticed a gargoyle
 17154 | D:9      | Killed a gargoyle
 17155 | D:9      | Reached XP level 11. HP: 99/105 MP: 9/21
 17488 | D:9      | Noticed a two-headed ogre
 17497 | D:9      | Killed a two-headed ogre
 17498 | D:9      | Reached skill level 6 in Fighting
 17587 | D:9      | Identified the +6 chain mail of the Hidden Vale {rF+ Str-5
                  | Int+2 Stlth+}
 18269 | D:10     | Entered Level 10 of the Dungeon
 18301 | D:10     | Found a hide-covered altar of Uskayaw.
 18321 | D:10     | Found a staircase to the Orcish Mines.
 18536 | D:10     | Found a hazy altar of Hepliaklqana.
 18575 | D:10     | Noticed a two-headed ogre
 18585 | D:10     | Killed a two-headed ogre
 18651 | D:10     | Reached skill level 5 in Summonings
 18652 | D:10     | Noticed a two-headed ogre
 18661 | D:10     | Killed a two-headed ogre
 18669 | D:10     | Noticed a war gargoyle
 18954 | D:10     | Noticed Sonja
 19474 | D:10     | Killed Sonja
 19788 | D:10     | Found the +6 shillelagh "Devastator" {shatter}
 19800 | D:10     | Noticed a boulder beetle
 19820 | D:10     | Killed a boulder beetle
 19821 | D:10     | Reached skill level 7 in Fighting
 19858 | D:10     | Killed a war gargoyle
 20423 | D:10     | Noticed a fire crab
 20424 | D:10     | Noticed a death knight
 20425 | D:10     | Noticed a rakshasa
 20427 | D:10     | Noticed a centaur warrior
 20428 | D:10     | Noticed a centaur warrior
 20555 | D:10     | Noticed a two-headed ogre
 20559 | D:10     | Killed a two-headed ogre
 20752 | D:10     | Reached XP level 12. HP: 119/119 MP: 15/23
 20755 | D:10     | Reached skill level 8 in Fighting
 21027 | D:11     | Found a blossoming altar of Fedhas.
 21523 | D:11     | Found a staircase to the Lair.
 21878 | Lair:1   | Entered Level 1 of the Lair of Beasts
 22247 | Lair:1   | Identified the +0 pair of boots of Tomorrow {Str+3}
 22300 | Lair:1   | Learned a level 7 spell: Dragon Form
 22401 | Lair:1   | Reached skill level 9 in Fighting
 22928 | Lair:1   | Learned a level 3 spell: Call Canine Familiar
 23200 | Lair:2   | Noticed a catoblepas
 23219 | Lair:2   | Killed a catoblepas
 24024 | Lair:2   | Found a staircase to the Shoals.
 24362 | Lair:3   | Reached skill level 10 in Transmutations
 25054 | Lair:3   | Found a staircase to the Snake Pit.
 26134 | Lair:4   | Reached skill level 10 in Fighting
 26134 | Lair:4   | Reached XP level 13. HP: 109/133 MP: 19/25
 27111 | Lair:4   | You fall into a shaft and drop 1 floor!
 27111 | Lair:5   | Entered Level 5 of the Lair of Beasts
 27677 | Lair:4   | Found a viscous altar of Jiyva.
 27677 | Lair:4   | Found a staircase to the Slime Pits.
 28918 | Lair:5   | Found a runed translucent gate.
 28919 | Lair:5   | Found a runed translucent gate.
 28920 | Lair:5   | Found a runed translucent gate.
 28924 | Lair:5   | Noticed Peppero's ghost (journeyman DjCj)
 28924 | Lair:5   | Noticed Wukaii's ghost (journeyman SpEn)
 28924 | Lair:5   | Noticed kthxbai's ghost (journeyman DgSu)
 28925 | Lair:5   | Found the +8 Wrath of Trog {antimagic, *Rage Rampage}
 30095 | Lair:5   | Reached XP level 14. HP: 143/143 MP: 8/26
 30444 | Lair:5   | Reached skill level 10 in Unarmed Combat
 32171 | Lair:5   | Reached skill level 10 in Dodging
 32186 | Lair:5   | Noticed a dire elephant
 32207 | Lair:5   | Killed a dire elephant
 32801 | Lair:5   | Found a burning altar of Makhleb.
 32822 | Lair:5   | Reached skill level 11 in Fighting
 33426 | Lair:5   | Found a gateway to Hell.
 34315 | Orc:1    | Entered Level 1 of the Orcish Mines
 34798 | Orc:1    | Found a transporter.
 34806 | Orc:1    | Noticed a stone giant
 34942 | Orc:1    | Found a transporter.
 34942 | Orc:1    | Identified the ring "Hawemera" {Fly rPois Str+3 Dex-2}
 35005 | Orc:2    | Entered Level 2 of the Orcish Mines
 35581 | Orc:2    | Found a staircase to the Elven Halls.
 36489 | Orc:2    | Gained mutation: Your spells are a little easier to cast,
                  | but a little less powerful. [mutagenic glow]
 36924 | Orc:2    | Found Ytaxken's Magic Scroll Shoppe.
 37006 | Orc:2    | Found Xuin's Distillery.
 37437 | Orc:2    | Bought a scroll of fear for 52 gold pieces
 37437 | Orc:2    | Bought a scroll of identify for 26 gold pieces
 37437 | Orc:2    | Bought a scroll of blinking for 97 gold pieces
 37437 | Orc:2    | Bought a scroll of fear for 52 gold pieces
 37560 | Orc:2    | Paralysed by an orc sorcerer for 3 turns
 37697 | Orc:2    | Reached XP level 15. HP: 153/153 MP: 20/28
 37812 | Orc:2    | Reached skill level 12 in Fighting
 37815 | Orc:2    | Found Duikugg's Antique Armour Boutique.
 37815 | Orc:2    | Found a one-way gate leading to the halls of Pandemonium.
 37815 | Orc:2    | Found Aclicumy's Book Shop.
 38133 | Orc:2    | Bought an embroidered scarf for 240 gold pieces
 38133 | Orc:2    | Bought a pair of masterwork boots for 285 gold pieces
 38133 | Orc:2    | Identified the +0 pair of boots of Quaxer {Will+} (You
                  | bought it in a shop on level 2 of the Orcish Mines)
 38294 | Orc:1    | Noticed an orc warlord
 39702 | Orc:1    | Killed an orc warlord
 40247 | Orc:1    | Reached skill level 10 in Spellcasting
 40644 | D:11     | Acquired 648 gold pieces
 40656 | D:11     | Bought a book of Spatial Translocations for 416 gold pieces
 40664 | D:11     | Learned a level 5 spell: Manifold Assault
 40908 | D:12     | Reached skill level 1 in Translocations
 40964 | D:12     | Found a frozen archway.
 41330 | D:12     | Found a runed translucent door.
 41331 | D:12     | Found the +10 tower shield of Ignorance {rN+ Int-4}
 41352 | D:12     | Found a runed translucent door.
 42349 | D:13     | Noticed Erolcha
 43217 | D:13     | Found a gate to the Vaults.
 43510 | D:14     | Lost mutation: You occasionally lose the ability to drink
                  | potions when taking damage. [potion of mutation]
 43510 | D:14     | Lost mutation: Your spells are a little easier to cast, but
                  | a little less powerful. [potion of mutation]
 43510 | D:14     | Gained mutation: You have large cloven feet. [potion of
                  | mutation]
 43510 | D:14     | Gained mutation: You are robust. (+10% HP) [potion of
                  | mutation]
 43510 | D:14     | Gained mutation: Your mind is acute. (Int +4, Str/Dex -1)
                  | [potion of mutation]
 43510 | D:14     | Gained mutation: You are strong-willed. (Will+) [potion of
                  | mutation]
 44265 | D:14     | Noticed a frost giant
 44280 | D:14     | Killed a frost giant
 44638 | D:14     | Noticed a tengu reaver
 44645 | D:14     | Killed a tengu reaver
 45417 | D:7      | Bought the Volume of Called Transposition for 1408 gold
                  | pieces
 45513 | D:11     | Upgraded the game from 0.30-a0-2-gf48d83f5e2 to
                  | 0.30-a0-4-ga7cffc901d
 45571 | Snake:1  | Entered Level 1 of the Snake Pit
 45776 | Snake:1  | Reached XP level 16. HP: 159/183 MP: 27/30
 45789 | Snake:1  | Reached skill level 13 in Fighting
 46599 | Snake:1  | Reached skill level 5 in Translocations
 47974 | Snake:2  | Noticed a nagaraja
 48489 | Snake:2  | Killed a nagaraja
 48501 | Snake:2  | Identified the +9 battleaxe of Ebo Kutoo {vorpal, Will+
                  | rCorr Str+3 Int-2}
 49641 | Snake:3  | Reached XP level 17. HP: 135/196 MP: 23/31
 49945 | Snake:3  | Identified the +1 dire flail of Enteirator {distort, rPois
                  | rN+ rCorr}
 49974 | Snake:3  | HP: 14/294 [salamander/arrow (1)]
 51418 | Snake:3  | Reached skill level 14 in Fighting
 52411 | Snake:4  | Entered Level 4 of the Snake Pit
 52716 | Snake:4  | Reached skill level 10 in Summonings
 52863 | Snake:4  | Found Eckeckig's Armour Emporium.
 52933 | Snake:4  | Bought a +0 cloak for 45 gold pieces
 52933 | Snake:4  | Bought a +1 pair of boots for 115 gold pieces
 54249 | Snake:4  | Reached XP level 18. HP: 210/210 MP: 33/33
 54793 | Snake:4  | Reached skill level 15 in Fighting
 54870 | Snake:4  | Got a serpentine rune of Zot
 55340 | Orc:2    | Bought a Fen Folio for 420 gold pieces
 55352 | Orc:2    | Learned a level 7 spell: Summon Hydra
 55749 | D:13     | Killed Erolcha
 56130 | Lair:5   | Killed Wukaii's ghost
 56133 | Lair:5   | Killed kthxbai's ghost
 56143 | Lair:5   | Killed Peppero's ghost
 56756 | Lair:5   | Identified the +0 robe "Ymnoin" {+Blink rF+ Will- Str+4}
 56883 | Shoals:1 | Entered Level 1 of the Shoals
 57098 | Shoals:1 | Identified the +1 plate armour of the Loofah {Harm Fly
                  | Int-3}
 58117 | Shoals:1 | Noticed Mlioglotl
 58125 | Shoals:1 | Killed Mlioglotl
 58370 | Shoals:1 | Found Dewkann's Mayhem Merchandise.
 58729 | D:11     | Bought Ozocubu's Autobiography for 384 gold pieces
 58733 | D:11     | Learned a level 3 spell: Ozocubu's Armour
 59555 | Shoals:2 | Reached skill level 15 in Transmutations
 61626 | Shoals:3 | Noticed Ilsuiw
 61864 | Shoals:3 | Reached XP level 19. HP: 224/224 MP: 6/35
 61896 | Shoals:3 | Killed Ilsuiw
 61897 | Shoals:3 | Reached skill level 16 in Fighting
 62843 | Shoals:4 | Entered Level 4 of the Shoals
 64937 | Shoals:4 | Identified the +7 dagger of Wondrous Power {flame, Dex+2}
 65483 | Shoals:4 | Identified the +9 long sword "Xuumemuc" {flame, Fly Will+}
 65511 | Shoals:4 | Found the +3 giant club "Skullcrusher" {speed, Str+7}
 65613 | Shoals:4 | Got a barnacled rune of Zot
 65910 | D:11     | Bought the ring of Ignis's Indignation {rN+ AC+4 Int+6} for
                  | 717 gold pieces
 65939 | D:11     | Bought a ring of willpower for 300 gold pieces
 66061 | Elf:1    | Entered Level 1 of the Elven Halls
 66061 | Elf:1    | Found a runed translucent gate.
 66061 | Elf:1    | Found a runed translucent gate.
 66061 | Elf:1    | Found a runed translucent gate.
 66061 | Elf:1    | Found a runed translucent gate.
 66061 | Elf:1    | Found a runed translucent gate.
 66061 | Elf:1    | Found a runed translucent gate.
 66066 | Elf:1    | Found a runed translucent door.
 66081 | Elf:1    | Identified the ring "Guur" {Ice +Blink Fly Str-2}
 66088 | Elf:1    | Found a runed translucent door.
 66655 | Elf:1    | Got the Almanac of Conflict
 67180 | Elf:1    | Found the +2 hat of the Bear Spirit {Spirit, *Rage Will++}
 67747 | Elf:1    | Reached XP level 20. HP: 238/238 MP: 30/37
 68470 | Elf:2    | Reached skill level 17 in Fighting
 68990 | Elf:2    | Reached skill level 10 in Translocations
 70536 | Elf:2    | Found a runed translucent gate.
 70542 | Elf:2    | Found a runed translucent gate.
 70543 | Elf:2    | Found a runed translucent gate.
 70682 | Elf:2    | Identified the +2 buckler of Zaet {Dex+4}
 71760 | Elf:3    | Entered Level 3 of the Elven Halls
 72529 | Elf:3    | Identified the +3 long sword of Midwinter {spect, rF+ rC+
                  | Str+2}
 72643 | Elf:3    | Paralysed by an air elemental for 1 turns
 73291 | Elf:3    | Found Vokhly's Jewellery Boutique.
 73298 | Elf:3    | Bought the ring "Mapes" {Contam rF+ Str+5 Int+4 Slay+4} for
                  | 1244 gold pieces
 73441 | Elf:3    | Noticed Nikola
 73448 | Elf:3    | Killed Nikola
 73782 | Elf:3    | Identified the amulet "Lipiguth" {Reflect Will+ Str-2 Dex+6
                  | SH+5}
 74088 | Elf:3    | Found Geuhap Xeyt's Distillery.
 74089 | Elf:3    | Found Amulopupp's Antique Weapon Shop.
 74092 | Elf:3    | Found Jotaah's Jewellery Boutique.
 74095 | Elf:3    | Bought a potion of mutation for 88 gold pieces
 74095 | Elf:3    | Bought a potion of heal wounds for 55 gold pieces
 74095 | Elf:3    | Bought a potion of might for 44 gold pieces
 74095 | Elf:3    | Bought a potion of brilliance for 44 gold pieces
 74095 | Elf:3    | Bought a potion of might for 44 gold pieces
 74095 | Elf:3    | Bought a potion of ambrosia for 88 gold pieces
 74095 | Elf:3    | Bought a potion of might for 44 gold pieces
 74099 | Elf:3    | Bought the ring "Gybiusaw" {rElec rF+ rC+} for 736 gold
                  | pieces
 74542 | Elf:3    | Identified the +6 war axe "Litt" {speed, rF+ rCorr}
 74667 | Elf:3    | Reached XP level 21. HP: 242/242 MP: 30/39
 74720 | Elf:3    | Reached skill level 18 in Fighting
 74941 | Elf:3    | Noticed Roxanne
 74953 | Elf:3    | Killed Roxanne
 75304 | Elf:3    | Got the Commentary on Combustion
 75371 | Elf:3    | Identified the +2 plate armour of the Swan {Will+ Dex+2}
 75453 | Elf:3    | Reached skill level 15 in Summonings
 75932 | D:15     | Entered Level 15 of the Dungeon
 76088 | D:15     | Noticed Rupert
 76101 | D:15     | Killed Rupert
 76118 | D:15     | Found a runed translucent door.
 76166 | D:15     | Identified the amulet "Nehastat" {Acrobat Harm Dex+4}
 76476 | D:15     | Identified the +1 ring mail "Vasodof" {rN+++ Will- Str+4}
 76773 | D:15     | Found a staircase to the Depths.
 76789 | D:15     | Reached skill level 15 in Spellcasting
 76802 | D:15     | Noticed Louise
 76815 | D:15     | Killed Louise
 77013 | D:15     | Noticed Agnes
 77019 | D:15     | Killed Agnes
 77933 | Vaults:1 | Entered Level 1 of the Vaults
 77940 | Vaults:1 | Reached skill level 15 in Unarmed Combat
 78373 | Vaults:1 | Identified the +8 falchion of Division {venom, Fly rPois
                  | Str+2}
 79758 | Vaults:2 | Found a staircase to the Crypt.
 79806 | Vaults:2 | Reached skill level 19 in Fighting
 80222 | Vaults:2 | Found Tuecri's Antique Armour Shop.
 80560 | Vaults:2 | Identified the +2 pair of gloves "Atam" {-Tele rF++ rCorr
                  | Dex+8}
 80566 | Vaults:2 | Identified the +6 spear "Cot Voiwnu" {venom, Str+4}
 80731 | Vaults:2 | Found Efeym's Distillery.
 80746 | Vaults:2 | Bought a potion of heal wounds for 80 gold pieces
 80746 | Vaults:2 | Bought a potion of resistance for 160 gold pieces
 80746 | Vaults:2 | Bought 2 potions of magic for 256 gold pieces
 80746 | Vaults:2 | Bought a potion of magic for 128 gold pieces
 80746 | Vaults:2 | Bought a potion of resistance for 160 gold pieces
 80746 | Vaults:2 | Bought a potion of invisibility for 128 gold pieces
 80764 | Vaults:2 | Reached XP level 22. HP: 268/268 MP: 28/42
 81080 | Vaults:2 | Found a transporter.
 81081 | Vaults:2 | Noticed Ymilidghe's ghost (adept TrGl)
 81086 | Vaults:2 | Found a transporter.
 81096 | Vaults:2 | Found a portal to a secret trove of treasure.
 81710 | Vaults:2 | Killed Ymilidghe's ghost
 82429 | Vaults:3 | Reached skill level 20 in Fighting
 82758 | Vaults:3 | Noticed Donald
 82771 | Vaults:3 | Killed Donald
 83044 | Vaults:3 | Noticed Sojobo
 83059 | Vaults:3 | Killed Sojobo
 84080 | Vaults:3 | Identified the +10 falchion "Qasyh" {chaos, rElec rCorr
                  | Int+2}
 84234 | Vaults:3 | Got the Lessons on the Birds
 85701 | Vaults:4 | Found a transporter.
 85739 | Vaults:4 | Found a transporter.
 86465 | Vaults:4 | Reached XP level 23. HP: 283/283 MP: 30/44
 87091 | Vaults:4 | Found Dienall's Magic Scroll Boutique.
 87098 | Vaults:4 | Bought a scroll of fear for 68 gold pieces
 87098 | Vaults:4 | Bought a scroll of magic mapping for 127 gold pieces
 87104 | Vaults:4 | Identified the +8 short sword "Ribuh" {elec, Str+3 Int+3}
 87370 | Vaults:4 | Reached skill level 21 in Fighting
 87705 | Vaults:4 | Identified the ring of the Suburbs {rF+ SInv}
 87720 | Vaults:4 | Identified the ring of Maigaom {Drain rF+ Will+ Str+3
                  | Int+8}
 87973 | D:11     | Bought a scroll of summoning for 104 gold pieces
 87973 | D:11     | Bought a scroll of blinking for 82 gold pieces
 87973 | D:11     | Bought a scroll of blinking for 82 gold pieces
 87973 | D:11     | Bought a scroll of amnesia for 44 gold pieces
 88000 | D:11     | Bought a scroll of teleportation for 39 gold pieces
 88000 | D:11     | Bought a scroll of magic mapping for 97 gold pieces
 88110 | Crypt:1  | Entered Level 1 of the Crypt
 88124 | Crypt:1  | Noticed Bai Suzhen
 88131 | Crypt:1  | Killed Bai Suzhen
 88546 | Crypt:1  | Found a magical portal.
 88555 | WizLab   | Entered Zonguldrok's Shrine
 88959 | WizLab   | Noticed an antique lich
 88963 | WizLab   | Killed an antique lich
 88987 | WizLab   | Got the Octavo of the Geologist and the Winter
 89004 | WizLab   | Found the +9 sword of Zonguldrok {reap}
 89702 | Crypt:1  | Noticed Saint Roka
 89713 | Crypt:1  | Killed Saint Roka
 90995 | Crypt:2  | Reached skill level 22 in Fighting
 91369 | Crypt:3  | Entered Level 3 of the Crypt
 91412 | Crypt:3  | Reached XP level 24. HP: 300/300 MP: 45/45
 91503 | Crypt:3  | Identified the +4 scale mail of Bebix {rF++ Stlth-}
 92346 | Crypt:3  | Identified the +6 double sword "Uvvis Alarry" {speed, rF+}
 92385 | Crypt:3  | Found a staircase to the Tomb.
 92578 | Crypt:3  | Identified the amulet of Peboco {rC+ Regen+ Stlth+}
 92578 | Crypt:3  | Identified the ring of Jithrezuo {rElec rN+ Will+ Stlth+}
 92578 | Crypt:3  | Identified the ring "Ateocah" {rElec rN+ rCorr Int+5
                  | Stlth-}
 92694 | Crypt:3  | Found a basalt altar of Yredelemnul.
 92866 | Crypt:3  | Reached skill level 15 in Translocations
 93015 | Crypt:3  | Identified the ring of Tetrost {rF+ rN+ Will+}
 93046 | Crypt:3  | Identified the +1 troll leather armour "Moruhoni" {Regen+
                  | rCorr Str-3 Int+4}
 93127 | Crypt:3  | Identified the +6 falchion "Vautwukh" {drain, Int+5}
 93942 | Orc:2    | Bought a book of Unlife for 360 gold pieces
 93951 | Orc:2    | Learned a level 8 spell: Summon Horrible Things
 94235 | D:11     | Learned a level 5 spell: Borgnjor's Vile Clutch
 94242 | D:11     | Learned a level 6 spell: Death Channel
 94337 | Depths:1 | Entered Level 1 of the Depths
 94599 | Depths:1 | Reached skill level 1 in Necromancy
 95183 | Depths:1 | Found a white marble altar of Elyvilon.
 95871 | Depths:2 | Reached skill level 23 in Fighting
 96533 | Depths:2 | Found Umavi's Weapon Shoppe.
 96856 | Depths:2 | Found an ornate altar of the Wu Jian Council.
 97087 | Depths:3 | Reached XP level 25. HP: 315/315 MP: 41/46
 97218 | Depths:3 | Found a one-way gate to the infinite horrors of the Abyss.
 97224 | Depths:3 | Identified the +5 trident of the Desolation of Salt {holy,
                  | *Slow rN+ Will++ Int+3}
 97337 | Depths:3 | Found Cylot's Jewellery Emporium.
 97339 | Depths:3 | Found Goiser's Jewellery Emporium.
 97339 | Depths:3 | Found Zayrchew's Book Shop.
 97640 | Depths:3 | Reached skill level 5 in Necromancy
 97898 | Depths:3 | Noticed a juggernaut
 97905 | Depths:3 | Killed a juggernaut
 97928 | Depths:3 | Noticed Jory
 97937 | Depths:3 | Killed Jory
 98156 | Depths:3 | Found a one-way gateway to a ziggurat.
 98156 | Depths:3 | Noticed an ancient lich
 98178 | Depths:3 | Killed an ancient lich
 98397 | Depths:3 | Noticed a juggernaut
 98397 | Depths:3 | You are sucked into a shaft and drop 1 floor!
 98397 | Depths:4 | Entered Level 4 of the Depths
 98770 | Depths:3 | Noticed a juggernaut
 98785 | Depths:3 | Killed a juggernaut
 98861 | Depths:3 | Killed a juggernaut
 99075 | Depths:3 | Found a snail-covered altar of Cheibriados.
 99512 | Depths:4 | Identified the +9 flail "Sogh" {flame, rF++ rC+ rN+ Dex-5}
100016 | Depths:4 | Found a gate to the Realm of Zot.
101331 | Orc:1    | Identified the +1 hat of Egalitarianism {Stlth+}
101622 | Vaults:5 | Entered Level 5 of the Vaults
103582 | Vaults:5 | Reached XP level 26. HP: 328/328 MP: 41/47
103837 | Vaults:5 | Identified the ring "Toudic" {+Blink Will+ rCorr SInv}
103847 | Vaults:5 | Got a silver rune of Zot
104021 | Vaults:5 | Noticed a dread lich
104026 | Vaults:5 | Reached skill level 24 in Fighting
104033 | Vaults:5 | Killed a dread lich
104186 | Vaults:5 | Identified the ring of Azyckar {rC- Will++ rCorr Str+2
                  | Int+6}
104744 | Vaults:5 | Got the Handbook of Glacial Stones
105163 | Vaults:5 | Identified the amulet "Nitymy" {Faith Rampage Fragile
                  | +Blink Slay-4}
105769 | Vaults:2 | You paid a toll of a +6 demon blade to enter a treasure
                  | trove
105770 | Trove    | Entered a treasure trove
105775 | Trove    | Found the ring of the Tortoise {AC+8}
105787 | Trove    | Identified the ring "Xoeruj" {Drain rPois Int+7}
105789 | Trove    | Identified the amulet "Xihinyij" {Regen+ Str+2}
105791 | Trove    | Identified the ring "Raly" {rF+ rN+ Will+ rCorr Int-2}
105805 | Trove    | Identified the amulet "Goinoc" {Regen+ Slay+3}
105810 | Trove    | Identified the ring of the Supporting Priest {rF+ rC+ Dex-4
                  | SInv}
105817 | Trove    | Identified the ring of Syitahi {rCorr Dex+3}
105820 | Trove    | Identified the ring of Galogiaq {Fire *Slow +Blink rPois
                  | Str-5}
106192 | Zot:1    | Entered Level 1 of the Realm of Zot
106192 | Zot:1    | Identified the ring "Wyext" {Ice rElec Str+2}
106192 | Zot:1    | Noticed Josephina
106279 | Zot:1    | Killed Josephina
106289 | Zot:1    | HP: 32/744 [something (16)]
106290 | Zot:1    | HP: 10/744 [yellow draconian simulacrum[Josephina] (14)]
106291 | Zot:1    | Mangled by a draconian monk simulacrum

Illustrated notes

Levels and vault maps discovered:
D:1:      heliophobic_arrival_henge, layout_basic, serial_shops,
          nicolae_shop_competitors_out_of_business,
          ebering_ecumenical_altar_rust
D:2:      layout_basic, serial_corexii_hall, corexii_hall_statues_t,
          chequers_hall_statues_corner_a, roderic_filled_cross,
          item_on_display_b
D:3:      layout_loops_corners, uniq_grinder
D:4:      nicolae_cairo_tiling_large, layout_gridville, grunt_ministairs_1,
          kennysheep_opposing_triangles, uniq_pikel, uniq_sigmund
D:5:      layout_rooms, lemuel_mausoleum_altar_kikubaaqudgha
D:6:      layout_rooms, nicolae_overflow_crystal_walls, serial_shops, shop
D:7:      layout_basic, temple_green, nicolae_shop_i_like_big_books,
          st_stairs_11, kennysheep_generic_room_9
D:8:      layout_basic, marbit_many_paths, nicolae_wooded_promenade,
          uniq_psyche, uniq_joseph
D:9:      layout_rooms, serial_bayou_pond_a
D:10:     minmay_roctagon, layout_irregular_city, mainiacjoe_overflow_24_doors,
          overflow_temple_1_default, david_orc_3,
          onia_ninara_dug_in_and_dangerous, uniq_sonja
D:11:     layout_basic, lair_entry_dummy, tgw_fedhas
D:12:     layout_roguey, portal_ice_cave_entry_imps,
          chequers_guarded_unrand_ignorance
D:13:     layout_rooms, david_vaults_1, minmay_misc_feat_plants, uniq_erolcha
D:14:     minmay_octo_star, layout_stronghold
D:15:     gammafunk_depths_entry_grave, layout_layer_cave,
          ebering_dispersal_statue_hall, minmay_st_funbox, uniq_rupert,
          uniq_agnes, uniq_louise
Lair:1:   layout_gridlike, worms_lemuel
Lair:2:   layout_chaotic_city, elwin_shoals_entry_rooms, gauntlet_entry_generic
Lair:3:   layout_roguey, guppyfry_snake_entry_island,
          chequers_serial_rivers_marsh, minmay_lair_oklob_items
Lair:4:   layout_long_grid, dpeg_slime_entry_enclosed, serial_bayou_shore_b,
          grunt_megastairs_2, serial_bayou_shore_a, infiniplex_staircase_pool
Lair:5:   evil_forest, layout_gridlike, gammafunk_ghost_cemetery, serial_bayou,
          serial_bayou_lake_a, serial_bayou_pond_b, serial_bayou_pond_a,
          serial_bayou_shore_b, nicolae_lair_liquid_snakes
Shoals:1: layout_shoals, minmay_shop_mayhem,
          nicolae_shoals_beach_house_on_fowls_legs, uniq_mlioglotl
Shoals:2: layout_shoals
Shoals:3: layout_shoals, uniq_ilsuiw
Shoals:4: shoals_end_hellmonk_lost_city
Snake:1:  layout_onion, serial_bayou, serial_bayou_pond_d,
          serial_bayou_lagoon_b, serial_bayou_pond_a, serial_bayou_pond_c,
          nicolae_snake_snakewalk
Snake:2:  layout_basic, nicolae_snake_snakes_in_the_grass
Snake:3:  layout_cave_pods, nicolae_snake_salamander_zone
Snake:4:  grunt_snake_rune_spirals, layout_onion, serial_shops, shop,
          nicolae_snake_shapes
Orc:1:    gammafunk_beogh_shrine, layout_caves
Orc:2:    pf_orc_diabolical, layout_diamond_mine, basic_altar
Elf:1:    nicolae_elf_arrival_dilemma, layout_geoelf_grid,
          minmay_elf_annihilation, drop_trap, amcnicky_mini_corridor_feature,
          nicolae_elf_blasts_and_bolts
Elf:2:    elven_hall_of_blades_hangedman_original
          [nicolae_blade_entry_diamond_columns], layout_geoelf_octagon
Elf:3:    grunt_elf_hall_branching, layout_loops_corners,
          minmay_shop_enchanted_jewellery, minmay_shop_star, uniq_roxanne,
          uniq_nikola
Vaults:1: nicolae_vaults_quartermaster, nicolae_vaults_twisting_passages,
          nicolae_vaults_shelves_hall, dpeg_vaults_monster_box, v_misc_3,
          v_misc_25, hangedman_vaults_stretched_pinwheel, layout_vaults_ring
Vaults:2: gammafunk_ghost_mausoleum, v_rooms_5,
          nicolae_vaults_mini_display_case, hangedman_vaults_corner_blocks,
          vaults_room_guarded_vault, v_alt_pattern_6, vaults_dpeg_hooks,
          v_misc_24, nicolae_vaults_little_squares_4, ontoclasm_vaults_hangar,
          vaults_room_mumra_shop_pool, vaults_room_semicircle, v_misc_14,
          v_alt_pattern_4, vaults_room_hallway, v_pattern_4,
          layout_vaults_maze_bifur, dummy_crypt_entry, serial_shops,
          nicolae_shop_crystal, enter_trove_0
Vaults:3: vaults_room_pool, nicolae_vaults_network_square, v_misc_25,
          hangedman_vaults_hat, v_misc_31, nicolae_vaults_angled_halls,
          ontoclasm_vaults_hangar, st_eye, nicolae_vaults_network_quinsquares
          [nicolae_vaults_network_quincunx_subvault,
          nicolae_vaults_network_quincunx_subvault,
          nicolae_vaults_network_quincunx_subvault,
          nicolae_vaults_network_quincunx_subvault], grunt_vaults_swirl,
          grunt_vaults_diagonal, v_misc_15, vaults_standard_mumra_x,
          ontoclasm_vaults_gateway, layout_vaults_omnicross, uniq_sojobo,
          uniq_donald
Vaults:4: gammafunk_its_a_trap, hangedman_vaults_restitches,
          grunt_vaults_hallway_short, v_misc_4, nicolae_vaults_theta,
          nicolae_vaults_shelves_hall, vaults_dpeg_ring,
          nicolae_vaults_little_squares_4, layout_vaults_omnigrid, serial_shops,
          shop
Vaults:5: serial_shops
Crypt:1:  minmay_shadows, layout_rooms, mu_enter_wizlab_5, uniq_saint_roka,
          uniq_bai_suzhen
Crypt:2:  layout_gridlike, fountainhead, serial_sigils_hangedman_quiver,
          columned_hall_lemuel, minmay_misc_feat_five
Crypt:3:  evilmike_haunted_forest
Depths:1: layout_big_octagon, serial_sigils, serial_sigils_hangedman_confine,
          serial_sigils_hangedman_scratch, serial_sigils_hangedman_carve,
          serial_sigils_hangedman_gnaw, serial_sigils_hangedman_stare,
          pf_coc_iceberg, nicolae_elyvilon_temple_path,
          dreamdust_looks_like_rain
Depths:2: nzn_winding_woodlands_stair_trap [nzn_winding_woodlands_5x15_twine,
          nzn_winding_woodlands_5x15_zeroes,
          nzn_winding_woodlands_5x15_concentric,
          nzn_winding_woodlands_15x15_killbox, nzn_winding_woodlands_5x15_pool,
          nzn_winding_woodlands_5x15_river_crossing,
          nzn_winding_woodlands_5x15_longhouse], layout_cave_pools,
          rand_demon_pan_entry_5, serial_shops,
          nicolae_shop_bloodbath_and_beyond, roderic_st_hans_cross,
          pf_vacation_house_of_asmodeus, nzn_wu_jian_council_hall
Depths:3: minmay_blocking_statues, layout_gridlike, enter_ziggurat_d,
          nrook_pool_corridor, grunt_hell_entry_dis_old, abyss_entry_crystal,
          serial_rivers, chequers_serial_rivers_small_b,
          chequers_serial_rivers_micro_e, chequers_serial_rivers_micro_c,
          chequers_serial_rivers_room_b, slow_altar_2, serial_bayou_shore_b,
          minmay_shop_grove, uniq_jory
Depths:4: evilmike_zot_entry_hall, layout_basic, hell_entry,
          hangedman_abyss_or_decor_slice
Zot:1:    lemuel_draconian_sentries_small, layout_cathedral_of_symmetry,
          uniq_josephina

Skill      XL: |  1  2  3  4  5  6  7  8  9 10 11 12 13 14 15 16 17 18 19 20 21 22 23 24 25 26 |
---------------+-------------------------------------------------------------------------------+-----
Transmutations | 2 3 4 5 7 8 10 12 13 14 15 | 15.0
Unarmed Combat | 3 4 5 6 7 8 9 10 11 12 13 14 15 16 17 18 19 | 19.0
Dodging        | 2 3 4 5 6 8 9 10 11 12 | 12.0
Spellcasting   | 3 4 5 6 7 8 9 10 11 12 13 14 16 17 18 19 20 | 20.4
Poison Magic   | 1 2 |  2.2
Ice Magic      | 1 2 4 5 6 |  6.0
Fighting       | 4 5 7 10 11 12 13 14 15 16 17 19 20 22 23 24 | 24.3
Summonings     | 4 6 7 9 10 12 13 14 15 16 | 16.9
Translocations | 4 6 7 8 9 10 12 13 14 15 16 | 16.0
Necromancy     | 4 8 9 |  9.7

Action                   |  1- 3 |  4- 6 |  7- 9 | 10-12 | 13-15 | 16-18 | 19-21 | 22-24 | 25-27 || total
-------------------------+-------+-------+-------+-------+-------+-------+-------+-------+-------++-------
Melee: Unarmed           |   133 |    92 |   352 |   321 |   671 |   691 |   734 |   965 |   433 ||  4392
       Kick              |    21 |     4 |       |       |       |     3 |     5 |    12 |     1 ||    46
       Headbutt          |    11 |     1 |       |       |       |       |       |       |       ||    12
       Staff             |       |       |    10 |     8 |     9 |    16 |    12 |    23 |     2 ||    80
       Punch             |       |       |     1 |     1 |    26 |    52 |    74 |   120 |    70 ||   344
       Bite              |       |       |       |       |    47 |    84 |    88 |   146 |    79 ||   444
       Tailslap          |       |       |       |       |    46 |   112 |   138 |   211 |   108 ||   615
 Cast: Beastly Appendage |    32 |     5 |       |       |       |       |       |       |       ||    37
       Wereblood         |    18 |     7 |    33 |    63 |    82 |    66 |    94 |    87 |    36 ||   486
       Spider Form       |       |    12 |    33 |       |       |       |       |       |       ||    45
       Ice Form          |       |       |    13 |    65 |    33 |     1 |       |     2 |     1 ||   115
       Frozen Ramparts   |       |       |     5 |    42 |    48 |    10 |     8 |    20 |     2 ||   135
       Summon Ice Beast  |       |       |       |    34 |    52 |    23 |     7 |       |       ||   116
       Call Canine Famil |       |       |       |     9 |    52 |    20 |     7 |       |       ||    88
       Dragon Form       |       |       |       |       |    75 |   100 |   112 |    97 |    45 ||   429
       Manifold Assault  |       |       |       |       |       |     2 |     3 |     1 |       ||     6
       Summon Hydra      |       |       |       |       |       |    22 |    50 |    17 |     3 ||    92
       Ozocubu's Armour  |       |       |       |       |       |     6 |     4 |     9 |     1 ||    20
       Death Channel     |       |       |       |       |       |       |       |       |    17 ||    17
       Summon Horrible T |       |       |       |       |       |       |       |       |     2 ||     2
Invok: Potion Petition   |       |       |       |     3 |       |     3 |     2 |     2 |     3 ||    13
       Call Merchant     |       |       |       |       |     1 |       |     1 |     3 |       ||     5
 Abil: End Transformatio |       |       |     2 |     2 |     2 |     5 |    25 |    18 |    12 ||    66
       Breathe Fire      |       |       |       |       |       |     1 |       |     1 |       ||     2
Evoke: Wand              |       |       |       |     1 |       |       |       |     3 |     1 ||     5
  Use: Scroll            |       |       |     7 |    16 |    11 |     4 |     1 |     4 |     5 ||    48
       Potion            |       |       |       |     1 |     3 |     1 |       |       |       ||     5
 Stab: Sleeping          |       |       |     1 |       |       |       |       |       |       ||     1
       Distracted        |       |       |       |     2 |     5 |     5 |     7 |     5 |     5 ||    29
       Invisible         |       |       |       |       |       |       |     3 |       |       ||     3
Armor: Robe              |    58 |     8 |     2 |     2 |     2 |     7 |    10 |     5 |       ||    94
       Skin              |       |     2 |    51 |   109 |   306 |   235 |   298 |   329 |   181 ||  1511
Dodge: Dodged            |    71 |    71 |   267 |   166 |   463 |   283 |   300 |   335 |   165 ||  2121
Block: Other             |       |       |       |       |    54 |   129 |   126 |   115 |       ||   424
       Reflection        |       |       |       |       |    11 |    24 |    19 |     8 |       ||    62

Table legend: (Time is in decaauts)
 A = Elapsed time spent in this place.
 B = Non-inter-level travel time spent in this place.
 C = Inter-level travel time spent in this place.
 D = Time resting spent in this place.
 E = Time spent auto-exploring this place.
 F = Levels seen in this place.
 G = Mean time per level.
                   A        B        C        D        E       F      G
               +--------+--------+--------+--------+--------+-----+--------+
         Total | 105712 |  97909 |   7803 |  23892 |  51643 |  48 | 2202.3 |
       Dungeon |  31837 |  27966 |   3871 |   8081 |  14493 |  15 | 2122.5 |
          Lair |  13018 |  12281 |    737 |   3924 |   6265 |   5 | 2603.6 |
        Shoals |   8848 |   8462 |    386 |   2215 |   4241 |   4 | 2212.0 |
     Snake Pit |   9462 |   9146 |    316 |   1742 |   4477 |   4 | 2365.5 |
  Orcish Mines |   6939 |   6047 |    892 |   2216 |   2391 |   2 | 3469.5 |
   Elven Halls |   9563 |   9339 |    224 |   2738 |   4721 |   3 | 3187.7 |
        Vaults |  14286 |  13559 |    727 |   2651 |   7876 |   5 | 2857.2 |
         Crypt |   4710 |   4563 |    147 |    107 |   2844 |   3 | 1570.0 |
        Depths |   6460 |   5962 |    498 |    218 |   4282 |   4 | 1615.0 |
           Zot |     19 |     19 |      0 |      0 |      0 |   1 |   19.0 |
         Trove |     79 |     79 |      0 |      0 |      0 |   1 |   79.0 |
        Wizlab |    485 |    485 |      0 |      0 |     51 |   1 |  485.0 |
               +--------+--------+--------+--------+--------+-----+--------+

Top non-repeatable levels by time:
   Orc:2: 5090 daAuts
  Lair:5: 4353 daAuts
Vaults:4: 3744 daAuts
  Lair:4: 3497 daAuts
Vaults:2: 3426 daAuts
   Elf:1: 3333 daAuts
     D:5: 3227 daAuts
   Elf:3: 3190 daAuts
   Elf:2: 3039 daAuts
Shoals:3: 2981 daAuts
Vaults:3: 2912 daAuts
    D:11: 2752 daAuts
Shoals:2: 2748 daAuts
 Snake:3: 2596 daAuts
     D:7: 2486 daAuts
